 Dungeon Crawl Stone Soup version 0.15.1-3-g1b33baa (webtiles) character file.

103442 Johnny the Frost Mage (level 15, -2/126 HPs)
             Began as a Demigod Ice Elementalist on Oct 10, 2014.
             Slain by a jumping spider (3 damage)
             ... on Level 4 of the Spider Nest.
             The game lasted 02:27:04 (38488 turns).

Johnny the Frost Mage (Demigod Ice Elementalist)   Turns: 38488, Time: 02:27:04

HP  -2/126       AC 27     Str 15      XL: 15   Next: 42%
MP   2/34        EV  8     Int 24 (28) God:
Gold 296         SH  0     Dex 18      Spells:  6 memorised,  7 levels left

rFire  . . .     SeeInvis .     q - +9 quarterstaff (protect)
rCold  . . .     Clarity  +     G - +4 troll leather armour
rNeg   . . .     rCorr    .     (no shield)
rPois  +         rRot     .     Z - +2 helmet {Int+3}
rElec  .         Spirit   .     u - +0 cloak
SustAb .         Warding  .     o - +2 pair of gloves of Leapfrog {+Blink MR++}
rMut   .         Stasis   .     x - +0 pair of boots
Gourm  .                        t - amulet of clarity
MR     +++..                    S - +4 ring of protection
                                B - ring of poison resistance

@: lethally poisoned, about to teleport, very slightly contaminated, held,
invisible, extremely resistant to hostile enchantments, stealthy
A: spit poison 1
a: Spit Poison, Evoke Blink


You were on level 4 of the Spider Nest.
You were very hungry.

You visited 5 branches of the dungeon, and saw 33 of its levels.
You also visited: Ice Cave.

You collected 2672 gold pieces.
You spent 2376 gold pieces at shops.

Inventory:

Hand weapons
 q - a +9 quarterstaff of protection (weapon)
Armour
 d - a +5 ring mail of poison resistance
 o - the +2 pair of gloves of Leapfrog (worn) {+Blink MR++}
   (You acquired it on level 8 of the Lair of Beasts)

   It affects your resistance to hostile enchantments.
   It lets you blink.
 u - a +0 cloak (worn)
 x - a +0 pair of boots (worn)
 G - a +4 troll leather armour (worn)
 Z - a +2 helmet of intelligence (worn)
Magical devices
 h - a wand of paralysis (5)
 m - a wand of lightning (6)
 v - a wand of paralysis (10)
 z - a wand of invisibility (1)
 F - a wand of teleportation (5)
 J - a wand of confusion (13)
Comestibles
 b - 16 fruits
 c - 17 bread rations
 r - 7 meat rations
 H - 13 beef jerkies
 O - 7 royal jellies
Scrolls
 g - a scroll of holy word
 i - 3 scrolls of recharging
 j - a scroll of summoning
 l - a scroll of teleportation
 p - 9 scrolls of remove curse
 s - 2 scrolls of magic mapping
 w - 2 scrolls of amnesia
 y - 3 scrolls of fog
 A - 2 scrolls of enchant armour
 C - a scroll of brand weapon
 N - 4 scrolls of vulnerability
 Y - 3 scrolls of identify
Jewellery
 e - a +5 ring of slaying
 n - an uncursed amulet of stasis
 t - an amulet of clarity (around neck)
 B - a ring of poison resistance (left hand)
 S - a +4 ring of protection (right hand)
 U - an uncursed amulet of guardian spirit
 V - an uncursed ring of positive energy
Potions
 f - 9 potions of restore abilities
 D - 2 potions of cancellation
 K - a potion of might
 P - 2 potions of porridge
 R - 5 potions of brilliance
Books
 a - a book of Clouds

   Spells                             Type                      Level
   Mephitic Cloud                     Conjuration/Poison/Air       3
   Conjure Flame                      Conjuration/Fire             3
   Poisonous Cloud                    Conjuration/Poison/Air       6
   *Freezing Cloud                    Conjuration/Ice/Air          6
   Ring of Flames                     Charms/Fire                  7
 L - a book of Enchantments

   Spells                             Type                      Level
   Tukima's Dance                     Hexes                        3
   Cause Fear                         Hexes                        4
   Silence                            Hexes/Air                    5
   Deflect Missiles                   Charms/Air                   6
   *Haste                             Charms                       6
   Discord                            Hexes                        8
 X - a book of Dreams

   Spells                             Type                      Level
   Ensorcelled Hibernation            Hexes/Ice                    2
   Flight                             Charms/Air                   3
   Phase Shift                        Translocation                5
   *Shadow Creatures                  Summoning                    5
   Mass Confusion                     Hexes                        6
   Darkness                           Hexes                        7
Miscellaneous
 k - a phial of floods (inert)
 E - a phial of floods (inert)
 I - a phial of floods (inert)
 M - a stone of tremors
 Q - a box of beasts {used: 1}


   Skills:
 * Level 9.7 Fighting
 * Level 8.8 Staves
 + Level 6.9 Armour
 + Level 7.0 Dodging
 + Level 7.9 Stealth
 * Level 9.9 Spellcasting
 * Level 9.1 Conjurations
 * Level 2.4 Charms
 * Level 9.3 Summonings
 * Level 10.1 Ice Magic
 + Level 7.0 Evocations


You had 7 spell levels left.
You knew the following spells:

 Your Spells              Type           Power        Failure   Level  Hunger
a - Freeze                Ice            ####         1%          1    None
b - Summon Ice Beast      Ice/Summ       ######..     1%          4    #......
c - Freezing Cloud        Conj/Ice/Air   #####.....   71%         6    ######.
d - Throw Icicle          Conj/Ice       ######..     1%          4    #......
e - Haste                 Chrm           ###.....     100%        6    ######.
f - Shadow Creatures      Summ           N/A          3%          5    ###....


Dungeon Overview and Level Annotations

Branches:
Dungeon (12/15)            Temple (0/1) D:5             Orc (4/4) D:12
    Elf (0/3) Orc:4          Lair (8/8) D:8          Shoals (5/5) Lair:4
 Spider (4/5) Lair:6        Slime (0/6) Lair:8

Shops:
D:7 }(   D:12 :**%(   Orc:2 }   Orc:4 ?(*([

Annotations:
D:11 Fannar
Spider:1 exclusion: Roxanne, Roxanne; SaintRoka's ghost, mighty OgGl


Innate Abilities, Weirdness & Mutations

You can spit poison.


Message History

* * * LOW HITPOINT WARNING * * *
The jumping spider barely misses you.
You are very lightly contaminated with residual magic.
Read which item? (? for menu, Esc to quit)
As you read the scroll of teleportation, it crumbles to dust.
You feel strangely unstable.
The jumping spider pounces on you but does no damage.
The jumping spider bites you but does no damage.
The jumping spider pounces on you.
* * * LOW HITPOINT WARNING * * *
You are even more entangled.
The jumping spider barely misses you.
Read which item? (? for menu, Esc to quit)
Okay, then.
Evoke which item? (* to show all) (? for menu, Esc to quit)
Zapping:
v - a wand of paralysis
Press: ? - help, Shift-Dir - straight line, f/p - jumping spider
Aim: a jumping spider (moderately wounded, clinging)
The jumping spider resists with significant effort.
You feel sick. The jumping spider pounces on you.
You die...

### #.# ## #.###.###
^###..#....##
.#....^.....#
............## ..
.#........^..########.##
.#.......^...#..........
^..............###...#
......(.........@.#
..#.........#.###s#
.####...<.#.#%...## .#
###..###..^.y# ## ..
#...###. # ...... .# .#
...... #. #.# .[... ..
.# . ##


You could see a jumping spider.

Vanquished Creatures
  The ghost of CrazyArbalest the Slingshot, a powerful HaFi of Makhleb (D:12)
  A hydra (Lair:8)
  Nessos (Orc:3)
  A siren (Shoals:2)
  2 death yaks (Lair:5)
  A satyr (Shoals:3)
  2 merfolk aquamancers
  3 orc high priests (Orc:4)
  Urug (Orc:4)
  The ghost of CrazyArbalest the Whirler, an experienced HaFi of Makhleb (D:7)
  An unseen horror (D:11)
  An ice devil (IceCv)
  5 sea snakes
  6 orb spiders
  2 ice statues (IceCv)
  2 hill giants
  6 orc knights
  6 harpies
  An orc sorcerer (Orc:4)
  A red wasp (Spider:2)
  8 wolf spiders
  5 fauns
  7 griffons
  A cyclops (Shoals:3)
  4 mermaids
  2 elephants (Lair:5)
  A water nymph (Shoals:1)
  A black mamba (Lair:4)
  2 moths of wrath (Spider:4)
  11 spiny frogs
  A torpor snail (Spider:3)
  An eye of devastation (Lair:8)
  An orange crystal statue (D:8)
  Psyche (Orc:2)
  2 fire drakes
  5 komodo dragons
  6 demonic crawlers
  7 blue devils (IceCv)
  Grinder (D:6)
  5 jumping spiders
  9 merfolk
  4 trolls
  2 blink frogs (Lair:8)
  2 boulder beetles
  4 snapping turtles
  A deep elf mage (D:10)
  A wandering mushroom (Lair:6)
  3 basilisks
  A raven (Lair:3)
  5 trapdoor spiders
  4 water elementals
  A wyvern (Lair:7)
  11 redbacks
  5 tarantellas
  6 hippogriffs
  A hog (Shoals:1)
  8 yaks
  Grum (D:11)
  A hungry ghost (D:9)
  14 wolves
  A hill giant skeleton (D:11)
  A warg (Orc:3)
  A swamp worm (Spider:3)
  A soldier ant (D:8)
  12 water moccasins
  8 porcupines
  8 orc warriors
  8 spiders
  3 black bears
  A sky beast (D:11)
  2 yellow wasps
  5 ice beasts
  A phantom (D:5)
  A necrophage (D:10)
  3 centaurs
  8 ogres
  5 crocodiles
  A big kobold (D:7)
  A boring beetle (Lair:7)
  20 giant frogs
  6 scorpions
  A water moccasin zombie (D:5)
  A cyclops skeleton (D:12)
  5 jellies
  2 yak skeletons
  An electric eel (Lair:6)
  3 killer bees
  3 goliath beetles
  5 crimson imps
  A giant frog zombie (D:5)
  8 orc priests
  10 hounds
  9 worker ants
  8 iguanas
  14 orc wizards
  3 sheep
  2 orange rats (Lair:8)
  3 mummies
  A hound skeleton (D:11)
  20 adders
  3 gnolls (D:3)
  13 green rats
  3 orc zombies
  4 shadow imps
  A giant mite (D:11)
  13 white imps
  5 worms
  4 ufetubi (IceCv)
  6 giant geckos
  2 oozes (D:3)
  90 orcs
  A ball python (D:6)
  19 bats
  6 giant cockroaches
  17 goblins
  20 hobgoblins
  7 jackals
  11 quokkas
  2 giant newts (D:5)
  13 kobolds
  A kobold skeleton (D:4)
  2 orc skeletons
  A quokka skeleton (D:6)
  9 rats
  2 rat skeletons
  3 plants
  A tentacle (Shoals:3)
657 creatures vanquished.

Vanquished Creatures (collateral kills)
  Kirke (Shoals:1)
  Louise (Spider:3)
  Snorg (Lair:4)
  3 merfolk impalers
  4 hydras
  Harold (Lair:4)
  A siren (Shoals:3)
  A merfolk aquamancer (Shoals:1)
  2 death yaks (Lair:5)
  2 catoblepae
  3 sea snakes
  4 orb spiders
  6 harpies
  2 orc knights (Orc:4)
  4 griffons
  9 wolf spiders
  An ugly thing (D:11)
  An orc sorcerer (Orc:4)
  8 fauns
  A water nymph (Shoals:2)
  4 mermaids
  5 manticores
  12 elephants
  Joseph (D:8)
  2 black mambas
  A torpor snail (Spider:4)
  11 spiny frogs
  5 komodo dragons
  A gargoyle (D:12)
  3 demonic crawlers
  4 polar bears
  A blue devil (IceCv)
  2 trolls
  6 jumping spiders
  8 merfolk
  A giant leech (Lair:8)
  A boulder beetle (Lair:5)
  5 snapping turtles
  A two-headed ogre (D:11)
  9 blink frogs
  10 redbacks
  7 trapdoor spiders
  7 tarantellas
  2 spriggans (Lair:4)
  3 hogs (Shoals:1)
  6 water elementals
  21 yaks
  A warg (Orc:3)
  4 hippogriffs
  10 wolves
  5 vampire mosquitoes (Lair:8)
  A porcupine (Lair:4)
  11 swamp worms (Spider:3)
  10 orc warriors
  11 spiders
  A black bear (Lair:4)
  3 water moccasins
  An ice beast (IceCv)
  2 ogres (Orc:3)
  7 crocodiles
  8 centaurs
  A brain worm (Spider:3)
  A wyvern zombie (D:9)
  16 giant frogs
  A cyclops zombie (D:8)
  A wyvern skeleton (D:9)
  A scorpion (Spider:3)
  9 killer bees
  3 jellies (D:11)
  A yak skeleton (Orc:4)
  3 electric eels
  9 orc priests
  9 orc wizards
  3 orange rats (Lair:8)
  3 hounds
  21 sheep
  A worker ant (D:12)
  A mummy (D:11)
  30 green rats
  3 adders
  3 worms (Spider:3)
  6 white imps (Lair:5)
  2 ufetubi (IceCv)
  51 orcs
  2 goblins
  2 quokkas
  2 kobolds (D:7)
  3 orc zombies (Orc:4)
  A rat skeleton (Orc:4)
  11 butterflies (Spider:1)
  A fungus (Lair:3)
  A plant (Shoals:1)
  2 tentacles (Shoals:3)
474 creatures vanquished.

Vanquished Creatures (others)
  An orc sorcerer (Orc:4)
  10 drowned souls
  6 water elementals
  3 jumping spiders
  A boulder beetle (Lair:6)
  A redback (Spider:3)
  A tarantella (Spider:3)
  An orc zombie (Orc:4)
  3 earth elementals
  188 ice beasts
  2 orc wizards (D:10)
  An orc priest (Orc:4)
  3 white imps (IceCv)
  An ufetubus (IceCv)
  An orc (Orc:4)
  A chimera (Spider:3)
  9 rat skeletons (Orc:4)
  7 fungi (Lair:8)
  9 plants
  39 tentacles (Shoals:3)
  1430 tentacle segments (Shoals:3)
1718 creatures vanquished.

Grand Total: 2849 creatures vanquished

Notes
Turn   | Place    | Note
--------------------------------------------------------------
     0 | D:1      | Johnny, the Demigod Ice Elementalist, began the quest for the Orb.
     0 | D:1      | Reached XP level 1. HP: 14/14 MP: 3/3
   617 | D:1      | Reached XP level 2. HP: 11/22 MP: 2/5
   773 | D:2      | Reached skill level 1 in Fighting
   773 | D:2      | Reached skill level 3 in Ice Magic
   835 | D:2      | Found a snail-covered altar of Cheibriados.
   930 | D:2      | Reached XP level 3. HP: 13/28 MP: 1/8
   966 | D:2      | Gained mutation: You can spit poison. [potion of beneficial mutation]
  1575 | D:3      | Reached XP level 4. HP: 23/35 MP: 2/11
  1800 | D:3      | Learned a level 4 spell: Summon Ice Beast
  2140 | D:3      | Reached XP level 5. HP: 33/41 MP: 7/13
  2319 | D:3      | Reached skill level 1 in Armour
  2625 | D:4      | Reached XP level 6. HP: 50/50 MP: 12/17
  2901 | D:4      | Reached skill level 4 in Ice Magic
  3390 | D:5      | Entered Level 5 of the Dungeon
  3530 | D:5      | Reached skill level 1 in Summonings
  3536 | D:5      | Found a staircase to the Ecumenical Temple.
  3930 | D:5      | Reached XP level 7. HP: 54/56 MP: 19/19
  5203 | D:6      | Learned a level 4 spell: Throw Icicle
  5211 | D:6      | Noticed Grinder
  5474 | D:6      | Reached skill level 1 in Conjurations
  5480 | D:6      | Killed Grinder
  5592 | D:7      | Reached XP level 8. HP: 64/66 MP: 21/21
  5851 | D:7      | Found Muareff's Antique Weapon Shoppe.
  5993 | D:7      | Noticed CrazyArbalest's ghost (experienced HaFi)
  6004 | D:7      | Killed CrazyArbalest's ghost
  6004 | D:7      | Reached skill level 5 in Ice Magic
  6004 | D:7      | Reached skill level 1 in Evocations
  6601 | D:7      | Found Klufed's Gadget Emporium.
  7082 | D:8      | Reached XP level 9. HP: 34/72 MP: 14/23
  7414 | D:8      | Noticed Joseph
  7433 | D:8      | Killed Joseph
  7433 | D:8      | Reached skill level 5 in Spellcasting
  7573 | D:8      | Noticed an orange crystal statue
  7613 | D:8      | Killed an orange crystal statue
  7677 | D:8      | Reached skill level 1 in Staves
  7741 | D:8      | Found a staircase to the Lair.
  8017 | D:9      | Reached skill level 6 in Ice Magic
  8409 | D:9      | Reached skill level 5 in Fighting
  8805 | D:9      | Reached XP level 10. HP: 81/81 MP: 16/25
  9102 | D:10     | Entered Level 10 of the Dungeon
  9536 | D:10     | Got a heavily jewelled robe
  9554 | D:10     | Identified the +0 robe of the Beginning {+Rage Int+2 SInv} (You found it on level 10 of the Dungeon)
  9631 | D:10     | Noticed a hill giant
  9652 | D:10     | Killed a hill giant
  9937 | D:10     | Reached skill level 5 in Summonings
 10290 | D:11     | Noticed a red ugly thing
 10290 | D:11     | Noticed a hill giant
 10308 | D:11     | Killed a red ugly thing
 10310 | D:11     | Killed a hill giant
 10310 | D:11     | Reached skill level 5 in Stealth
 10453 | D:11     | Noticed Fannar
 10855 | D:11     | Noticed Grum
 10871 | D:11     | Killed Grum
 11070 | D:11     | Reached skill level 5 in Conjurations
 11224 | D:11     | Noticed an unseen horror
 11234 | D:11     | Killed an unseen horror
 11567 | D:11     | Reached XP level 11. HP: 76/89 MP: 27/27
 11761 | D:12     | Found Zaequx's Food Emporium.
 11856 | D:12     | Found Athau's Assorted Antiques.
 11913 | D:12     | Bought a pair of runed gloves for 162 gold pieces
 11939 | D:12     | Bought 2 potions of curing for 144 gold pieces
 11991 | D:12     | Found Scheabbe's Assorted Antiques.
 11996 | D:12     | Bought a shiny helmet for 148 gold pieces
 12169 | D:12     | Noticed CrazyArbalest's ghost (powerful HaFi)
 12227 | D:12     | Killed CrazyArbalest's ghost
 12344 | D:12     | Found Shrium's Weapon Shoppe.
 12401 | D:12     | Found a staircase to the Orcish Mines.
 12713 | D:12     | Found Odeniuk's Book Shoppe.
 12741 | D:12     | Reached skill level 7 in Ice Magic
 13010 | Lair:1   | Entered Level 1 of the Lair of Beasts
 13194 | Lair:1   | Noticed a seven-headed hydra
 13200 | Lair:1   | Killed a seven-headed hydra
 15915 | Lair:4   | Noticed an eight-headed hydra
 15929 | Lair:4   | Killed an eight-headed hydra
 15929 | Lair:4   | Reached skill level 5 in Armour
 16072 | Lair:4   | Reached XP level 12. HP: 98/100 MP: 24/29
 16083 | Lair:4   | Noticed Snorg
 16094 | Lair:4   | Killed Snorg
 16094 | Lair:4   | Reached skill level 5 in Dodging
 16166 | Lair:4   | Reached skill level 5 in Staves
 16972 | Lair:4   | Found a staircase to the Shoals.
 17054 | Lair:4   | Noticed Harold
 17075 | Lair:4   | Killed Harold
 17085 | Lair:4   | Got an encrusted mace
 17102 | Lair:4   | Identified the cursed +3 mace of Mnoac {freeze, rF+ Int+2} (You found it on level 4 of the Lair of Beasts)
 17484 | Lair:5   | Found a frozen archway.
 17527 | IceCv    | Entered an ice cave
 17937 | IceCv    | Reached skill level 5 in Evocations
 18524 | IceCv    | Reached skill level 8 in Ice Magic
 19627 | Lair:5   | Noticed a seven-headed hydra
 19633 | Lair:5   | Killed a seven-headed hydra
 20073 | Lair:6   | Found a hole to the Spider Nest.
 20084 | Lair:6   | Reached XP level 13. HP: 99/107 MP: 18/31
 21940 | Lair:8   | Entered Level 8 of the Lair of Beasts
 21997 | Lair:8   | Identified a scroll of acquirement
 22001 | Lair:8   | Got a pair of ancient gloves
 22012 | Lair:8   | Identified the +2 pair of gloves of Leapfrog {+Blink MR++} (You acquired it on level 8 of the Lair of Beasts)
 22545 | Lair:8   | Found a viscous altar of Jiyva.
 22545 | Lair:8   | Found a staircase to the Slime Pits.
 23689 | Orc:1    | Entered Level 1 of the Orcish Mines
 23847 | Orc:2    | Found Atem's Gadget Shop.
 23853 | Orc:2    | Noticed Psyche
 23862 | Orc:2    | Killed Psyche
 24131 | Orc:4    | Entered Level 4 of the Orcish Mines
 24132 | Orc:4    | Found a staircase to the Elven Halls.
 24306 | Orc:2    | Found a radiant altar of Vehumet.
 24561 | Orc:3    | Found a bloodstained altar of Trog.
 24730 | Orc:3    | Noticed Nessos
 24749 | Orc:3    | Killed Nessos
 24957 | Orc:4    | Found Waelukla's Armour Shoppe.
 25064 | Orc:4    | Bought a +2 ring mail of poison resistance for 180 gold pieces
 25546 | Orc:4    | Noticed Urug
 25570 | Orc:4    | Reached skill level 9 in Ice Magic
 25582 | Orc:4    | Killed Urug
 26440 | Orc:4    | Found Shram's Magic Scroll Emporium.
 26441 | Orc:4    | Found Giefoicwask's Antique Weapon Shop.
 26443 | Orc:4    | Reached XP level 14. HP: 116/116 MP: 15/32
 26461 | Orc:4    | Found Uxi Simalurch's Weapon Emporium.
 26462 | Orc:4    | Found Laore's Assorted Antiques.
 26579 | Orc:4    | Bought a scroll of teleportation for 117 gold pieces
 26579 | Orc:4    | Bought a scroll of identify for 78 gold pieces
 26579 | Orc:4    | Bought a scroll of enchant armour for 292 gold pieces
 26583 | Orc:4    | Bought 2 scrolls of enchant armour for 210 gold pieces
 26961 | Spider:1 | Entered Level 1 of the Spider Nest
 27774 | Shoals:1 | Entered Level 1 of the Shoals
 28518 | Shoals:1 | Noticed Kirke
 28852 | Shoals:1 | Killed Kirke
 29812 | Shoals:3 | Noticed a kraken
 31161 | Shoals:5 | Entered Level 5 of the Shoals
 33208 | D:12     | Bought a book of Clouds for 495 gold pieces
 33208 | D:12     | Bought a book of Enchantments for 550 gold pieces
 33217 | D:12     | Learned a level 6 spell: Freezing Cloud
 33224 | D:12     | Learned a level 6 spell: Haste
 33599 | Spider:1 | Noticed SaintRoka's ghost (mighty OgGl)
 34062 | Spider:1 | Reached XP level 15. HP: 113/124 MP: 17/34
 34377 | Spider:1 | Noticed Roxanne
 34709 | Spider:2 | Got a smoking scale mail
 34721 | Spider:2 | Identified the +1 scale mail of Card Tricks {Int+3} (You found it on level 2 of the Spider Nest)
 35579 | Spider:2 | Reached skill level 1 in Charms
 35605 | Spider:2 | Reached skill level 10 in Ice Magic
 36862 | Spider:3 | Learned a level 5 spell: Shadow Creatures
 37329 | Spider:3 | Noticed Louise
 37362 | Spider:3 | HP: 6/125 [something/bolt of lightning (33)]
 37571 | Spider:3 | Killed Louise
 38485 | Spider:4 | HP: 5/126 [jumping spider (14)]
 38487 | Spider:4 | HP: 1/126 [jumping spider (3)]
 38488 | Spider:4 | Slain by a jumping spider

Action                   |  1- 3 |  4- 6 |  7- 9 | 10-12 | 13-15 || total
-------------------------+-------+-------+-------+-------+-------++-------
Melee: Mace              |    71 |     3 |       |       |       ||    74
       Quarterstaff      |       |   131 |   329 |  1117 |  1219 ||  2796
       Halberd           |       |       |       |     3 |       ||     3
 Cast: Freeze            |    46 |    82 |     5 |    27 |    14 ||   174
       Summon Ice Beast  |       |       |    31 |   207 |   435 ||   673
       Throw Icicle      |       |       |       |    26 |   231 ||   257
       Shadow Creatures  |       |       |       |       |     9 ||     9
 Abil: Spit Poison       |       |       |     2 |     1 |     4 ||     7
       Evoke Invisibilit |       |       |     1 |       |       ||     1
Evoke: Wand              |       |       |     1 |    14 |    12 ||    27
       Phial of floods   |       |       |       |     4 |     9 ||    13
       Stone of tremors  |       |       |       |     2 |     4 ||     6
       Box of beasts     |       |       |       |       |     2 ||     2
  Use: Potion            |     7 |       |       |    12 |    10 ||    29
       Scroll            |     8 |     3 |    15 |    20 |    31 ||    77
 Stab: Sleeping          |       |     4 |     6 |    24 |    14 ||    48
       Distracted        |       |     1 |       |    24 |    27 ||    52
       Invisible         |       |       |     2 |       |     8 ||    10
       Paralysed         |       |       |       |       |     1 ||     1
  Eat: Chunk             |     1 |     7 |    22 |    51 |    69 ||   150
       Beef jerky        |     1 |       |       |       |       ||     1
       Fruit             |       |       |     3 |       |    10 ||    13
       Pizza             |       |       |       |     2 |       ||     2
       Royal jelly       |       |       |       |     2 |       ||     2
       Meat ration       |       |       |       |     1 |       ||     1
